[ AOE2 MATCH · #506172409 ]
UnrankedTupi vs Vietnamese
Player's team · WIN
Rival team · LOSS
[ REPLAY ANALYSIS · EXTRACTED FROM THE RECORDED GAME ]
Feudal
10:31
Castle
—
Imperial
—
| APM avg | 55.4 |
| APM peak | 88 |
| eAPM avg | 22.9 |
| Villagers / military | 43 / 9 |
Focus
⚔️ 39.0% · 🌾 61.0%
Unknown (2550) ×21 · Spearman ×9
Feudal
9:15
Castle
—
Imperial
—
| APM avg | 57.6 |
| APM peak | 87 |
| eAPM avg | 20.6 |
| Villagers / military | 43 / 19 |
Focus
⚔️ 35.2% · 🌾 64.8%
Scout Cavalry ×11 · Archer ×8
Match map
Initial resources + every placement click. Lines = walls · curves = elevation contours. ◆ gold · ⬟ stone · ● berries · ✦ relic · ◌ wall gap
Your base· Open — 7t gap
ask's base· Open — unwalled flank
Smoothed initial terrain · ◌ = detected wall gap · hover for details
Inputs per minute
— Lina - - ask
Build order — Lina
133 actions detected in the replay
| 0:00 | Queue | Villager (Male) |
| 0:01 | Queue | Villager (Male) |
| 0:02 | Build | House |
| 0:03 | Build | House |
| 0:07 | Queue | Villager (Male) |
| 0:18 | Queue | Villager (Male) |
| 0:59 | Queue | Villager (Male) |
| 1:00 | Queue | Villager (Male) |
| 1:29 | Queue | Villager (Male) |
| 1:55 | Queue | Villager (Male) |
| 1:55 | Queue | Villager (Male) |
| 2:10 | Build | Settlement |
| 2:29 | Queue | Villager (Male) |
| 2:45 | Queue | Villager (Male) |
| 2:45 | Queue | Villager (Male) |
| 3:11 | Build | House |
| 3:21 | Queue | Villager (Male) |
| 3:31 | Queue | Villager (Male) |
| 3:47 | Queue | Villager (Male) |
| 4:12 | Queue | Villager (Male) |
| 4:22 | Queue | Villager (Male) |
| 4:49 | Build | Barracks |
| 4:57 | Queue | Villager (Male) |
| 4:58 | Queue | Villager (Male) |
| 5:02 | Build | House |
| 5:16 | Queue | Villager (Male) |
| 5:36 | Queue | Unit 2550 |
| 5:39 | Build | House |
| 6:02 | Queue | Unit 2550 |
| 6:09 | Build | Palisade Gate |
| 6:57 | Queue | Villager (Male) |
| 7:02 | Queue | Unit 2550 |
| 7:23 | Research | Loom |
| 7:25 | Queue | Villager (Male) |
| 7:54 | Research | Loom |
| 8:12 | Research | Feudal Age |
| 8:12 | Research | Feudal Age |
| 8:20 | Build | Settlement |
| 8:45 | Build | House |
| 9:29 | Build | Outpost |
| 9:33 | Queue | Villager (Male) |
| 9:56 | Queue | Unit 2550 |
| 9:56 | Queue | Unit 2550 |
| 10:12 | Build | House |
| 10:15 | Build | Palisade Wall |
| 10:28 | Build | Barracks |
| 10:31 | Age | Feudal Age |
| 10:34 | Research | Tech 1402 |
| 10:49 | Queue | Villager (Male) |
| 11:05 | Queue | Unit 2550 |
| 11:05 | Queue | Unit 2550 |
| 11:07 | Build | Farm |
| 11:09 | Queue | Villager (Male) |
| 11:16 | Build | Farm |
| 11:25 | Build | House |
| 11:29 | Queue | Unit 2550 |
| 11:29 | Queue | Unit 2550 |
| 11:31 | Build | Farm |
| 11:34 | Research | Double-Bit Axe |
| 11:41 | Build | Farm |
| 11:52 | Queue | Villager (Male) |
| 11:55 | Build | House |
| 11:58 | Build | Palisade Wall |
| 12:03 | Queue | Spearman |
| 12:09 | Build | Palisade Wall |
| 12:18 | Queue | Spearman |
| 12:18 | Queue | Spearman |
| 12:36 | Queue | Villager (Male) |
| 12:47 | Build | Farm |
| 13:03 | Queue | Villager (Male) |
| 13:14 | Build | House |
| 13:16 | Build | House |
| 13:20 | Queue | Spearman |
| 13:25 | Build | House |
| 13:29 | Build | Palisade Wall |
| 13:31 | Build | Palisade Wall |
| 13:33 | Build | Palisade Wall |
| 13:33 | Build | Palisade Wall |
| 13:38 | Queue | Villager (Male) |
| 13:39 | Queue | Villager (Male) |
| 13:42 | Build | Farm |
| 13:55 | Queue | Villager (Male) |
| 14:06 | Build | House |
| 14:10 | Queue | Villager (Male) |
| 14:19 | Build | Outpost |
| 14:20 | Queue | Villager (Male) |
| 14:22 | Build | Farm |
| 14:26 | Queue | Spearman |
| 14:39 | Build | House |
| 14:52 | Research | Arson |
| 15:06 | Queue | Villager (Male) |
| 15:08 | Build | Farm |
| 15:09 | Build | Farm |
| 15:22 | Build | Farm |
| 15:23 | Queue | Villager (Male) |
| 15:45 | Build | Blacksmith |
| 16:09 | Build | Farm |
| 16:19 | Queue | Villager (Male) |
| 16:27 | Research | Scale Mail Armor |
| 16:28 | Research | Forging |
| 16:30 | Queue | Spearman |
| 16:30 | Queue | Spearman |
| 16:41 | Build | Farm |
| 16:45 | Queue | Villager (Male) |
| 16:48 | Build | Palisade Wall |
| 16:53 | Queue | Villager (Male) |
| 16:57 | Build | Farm |
| 17:06 | Queue | Villager (Male) |
| 17:07 | Build | Farm |
| 17:12 | Research | Horse Collar |
| 17:12 | Research | Horse Collar |
| 17:24 | Queue | Villager (Male) |
| 17:26 | Build | Farm |
| 17:28 | Queue | Spearman |
| 17:54 | Queue | Villager (Male) |
| 17:57 | Queue | Unit 2550 |
| 17:57 | Queue | Unit 2550 |
| 17:59 | Queue | Spearman |
| 18:22 | Queue | Unit 2550 |
| 18:22 | Queue | Unit 2550 |
| 18:47 | Queue | Villager (Male) |
| 18:49 | Queue | Unit 2550 |
| 18:49 | Queue | Unit 2550 |
| 18:55 | Build | Farm |
| 18:55 | Build | Farm |
| 18:58 | Build | Market |
| 19:07 | Queue | Unit 2550 |
| 19:07 | Queue | Unit 2550 |
| 19:32 | Queue | Unit 2550 |
| 19:39 | Queue | Unit 2550 |
| 19:39 | Queue | Unit 2550 |
| 19:46 | Queue | Unit 2550 |
| 19:51 | Queue | Villager (Male) |
Build order — ask
118 actions detected in the replay
| 0:00 | Queue | Villager (Male) |
| 0:01 | Queue | Villager (Male) |
| 0:01 | Queue | Villager (Male) |
| 0:01 | Queue | Villager (Male) |
| 0:02 | Build | House |
| 0:04 | Build | House |
| 1:21 | Queue | Villager (Male) |
| 1:21 | Queue | Villager (Male) |
| 1:54 | Queue | Villager (Male) |
| 2:22 | Queue | Villager (Male) |
| 2:37 | Build | Lumber Camp |
| 2:43 | Queue | Villager (Male) |
| 3:04 | Queue | Villager (Male) |
| 3:04 | Queue | Villager (Male) |
| 3:34 | Queue | Villager (Male) |
| 3:34 | Queue | Villager (Male) |
| 3:54 | Build | House |
| 4:01 | Queue | Villager (Male) |
| 4:41 | Build | House |
| 4:42 | Build | House |
| 4:57 | Queue | Villager (Male) |
| 5:05 | Build | Mill |
| 5:16 | Queue | Villager (Male) |
| 5:38 | Queue | Villager (Male) |
| 6:10 | Queue | Villager (Male) |
| 6:17 | Research | Loom |
| 7:01 | Research | Feudal Age |
| 7:05 | Build | Mill |
| 7:26 | Build | House |
| 8:04 | Build | Barracks |
| 8:49 | Build | Palisade Wall |
| 8:51 | Build | Palisade Gate |
| 9:15 | Age | Feudal Age |
| 9:17 | Queue | Villager (Male) |
| 9:27 | Build | Stable |
| 9:37 | Queue | Villager (Male) |
| 9:56 | Research | Double-Bit Axe |
| 10:04 | Build | House |
| 10:06 | Queue | Villager (Male) |
| 10:07 | Queue | Scout Cavalry |
| 10:18 | Research | Horse Collar |
| 10:18 | Research | Horse Collar |
| 10:24 | Queue | Villager (Male) |
| 10:26 | Build | Farm |
| 10:27 | Build | Farm |
| 10:30 | Build | House |
| 10:51 | Queue | Scout Cavalry |
| 10:51 | Queue | Scout Cavalry |
| 10:55 | Build | Farm |
| 10:59 | Build | House |
| 11:13 | Queue | Villager (Male) |
| 11:21 | Build | Farm |
| 11:34 | Build | House |
| 11:35 | Queue | Villager (Male) |
| 11:45 | Build | Farm |
| 11:50 | Queue | Scout Cavalry |
| 11:56 | Queue | Villager (Male) |
| 12:04 | Build | Farm |
| 12:14 | Build | Palisade Wall |
| 12:20 | Queue | Villager (Male) |
| 12:31 | Build | Farm |
| 12:33 | Queue | Scout Cavalry |
| 12:38 | Queue | Villager (Male) |
| 12:44 | Build | Farm |
| 13:02 | Queue | Scout Cavalry |
| 13:14 | Build | House |
| 13:20 | Queue | Villager (Male) |
| 13:33 | Queue | Scout Cavalry |
| 13:36 | Build | Farm |
| 13:38 | Build | Farm |
| 13:43 | Queue | Villager (Male) |
| 13:59 | Build | Archery Range |
| 14:07 | Queue | Villager (Male) |
| 14:15 | Queue | Scout Cavalry |
| 14:21 | Build | Mining Camp |
| 14:31 | Queue | Villager (Male) |
| 14:40 | Build | Palisade Wall |
| 14:42 | Build | House |
| 14:45 | Build | House |
| 14:48 | Queue | Villager (Male) |
| 15:10 | Queue | Scout Cavalry |
| 15:16 | Queue | Archer |
| 15:16 | Queue | Archer |
| 15:18 | Build | House |
| 15:18 | Queue | Villager (Male) |
| 15:20 | Build | Farm |
| 15:31 | Build | Palisade Wall |
| 15:36 | Build | Palisade Wall |
| 15:38 | Queue | Villager (Male) |
| 15:50 | Build | Farm |
| 15:56 | Queue | Archer |
| 15:56 | Queue | Archer |
| 16:07 | Research | Wheelbarrow |
| 16:27 | Build | Farm |
| 16:27 | Queue | Scout Cavalry |
| 16:43 | Build | Blacksmith |
| 16:48 | Queue | Archer |
| 16:56 | Queue | Scout Cavalry |
| 17:00 | Queue | Villager (Male) |
| 17:01 | Research | Town Watch |
| 17:24 | Queue | Archer |
| 17:28 | Research | Forging |
| 17:37 | Queue | Villager (Male) |
| 17:55 | Build | Farm |
| 17:57 | Build | Farm |
| 17:57 | Queue | Villager (Male) |
| 18:12 | Research | Scale Barding Armor |
| 18:20 | Queue | Villager (Male) |
| 18:22 | Queue | Archer |
| 18:53 | Queue | Villager (Male) |
| 18:57 | Build | Farm |
| 18:58 | Build | Farm |
| 19:00 | Build | Archery Range |
| 19:01 | Queue | Archer |
| 19:18 | Queue | Villager (Male) |
| 19:19 | Queue | Villager (Male) |
| 19:45 | Queue | Villager (Male) |
| 19:45 | Queue | Villager (Male) |
Match timeline
| 4:49 | Lina · first_building Barracks |
| 8:04 | ask · first_building Barracks |
| 8:49 | ask · wall_segment Palisade Wall x5 |
| 9:15 | ask · age_up feudal |
| 9:27 | ask · first_building Stable |
| 10:15 | Lina · wall_segment Palisade Wall x2 |
| 10:31 | Lina · age_up feudal |
| 11:58 | Lina · wall_segment Palisade Wall x2 |
| 12:09 | Lina · wall_segment Palisade Wall x6 |
| 12:14 | ask · wall_segment Palisade Wall x1 |
| 13:29 | Lina · wall_segment Palisade Wall x1 |
| 13:31 | Lina · wall_segment Palisade Wall x1 |
| 13:33 | Lina · wall_segment Palisade Wall x1 |
| 13:33 | Lina · wall_segment Palisade Wall x1 |
| 13:59 | ask · first_building Archery Range |
| 14:40 | ask · wall_segment Palisade Wall x1 |
| 15:31 | ask · wall_segment Palisade Wall x2 |
| 15:36 | ask · wall_segment Palisade Wall x1 |
| 16:48 | Lina · wall_segment Palisade Wall x2 |
| 19:53 | ask · resign |
[ AI ANALYSIS · 1 CREDIT ]
What really happened in this match?
Wolo.gg analyzes every decision: build order, eco, micro, common mistakes by bracket. Personalized analysis on WhatsApp or Discord in 30 seconds.
Civ guide
Tupi
Perfil
Jugador #299269